 Dungeon Crawl Stone Soup version 0.18-a0-1789-gbeff17f (webtiles) character file.

588 SkaryMonk the Slicer (level 7, 0/45 HPs)
             Began as an Octopode Assassin on Apr 20, 2016.
             Was an Initiate of Dithmenos.
             Slain by a giant frog zombie (1 damage)
             ... on level 7 of the Dungeon on Apr 21, 2016.
             The game lasted 01:34:50 (4050 turns).

SkaryMonk the Slicer (Octopode Assassin)            Turns: 4050, Time: 01:34:51

Health: 0/45       AC:  1    Str: 11    XL:     7   Next: 38%
Magic:  7/7        EV:  9    Int: 13    God:    Dithmenos [......]
Gold:   315        SH:  0    Dex: 15    Spells: 0 memorised, 6 levels left

rFire  . . .     SeeInvis .     a - +2 dagger
rCold  . . .     Gourm    .     (no shield)
rNeg   . . .     Faith    .     (helmet restricted)
rPois  .         Spirit   .     (no amulet)
rElec  .         Dismiss  .     (no ring)
rCorr  .         Reflect  .     (no ring)
SustAt .         Harm     .     (no ring)
MR     .....                    (no ring)
Stlth  ++++......               (no ring)
                                (no ring)
                                (no ring)
                                (no ring)

@: not resistant to hostile enchantments, stealthy
A: almost no armour, amphibious, 8 rings, constrict 8, fangs 1, repulsion field
1, camouflage 1, gelatinous body 1
a: Renounce Religion


You were on level 7 of the Dungeon.
You worshipped Dithmenos.
Dithmenos was noncommittal.
You were not hungry.

You visited 2 branches of the dungeon, and saw 7 of its levels.

You collected 315 gold pieces.

Notes
Turn   | Place    | Note
--------------------------------------------------------------
     0 | D:1      | SkaryMonk the Octopode Assassin began the quest for the Orb.
     0 | D:1      | Reached XP level 1. HP: 14/14 MP: 1/1
   138 | D:1      | Reached XP level 2. HP: 19/19 MP: 2/2
   156 | D:1      | Reached skill level 3 in Short Blades
   822 | D:1      | Reached XP level 3. HP: 21/24 MP: 3/3
  1346 | D:2      | Reached skill level 4 in Short Blades
  1419 | D:2      | Reached XP level 4. HP: 29/29 MP: 4/4
  1454 | D:2      | You fall through a shaft for 2 floors!
  1454 | D:4      | Found an iron altar of Okawaru.
  1473 | D:4      | Found a snail-covered altar of Cheibriados.
  1493 | D:4      | Upgraded the game from 0.18-a0-1788-g92de1ac to 0.18-a0-1789-gbeff17f
  1699 | D:4      | Found Miggaus's Book Emporium.
  1722 | D:4      | Reached skill level 5 in Short Blades
  1722 | D:4      | Reached XP level 5. HP: 29/34 MP: 5/5
  1770 | D:4      | Found a staircase to the Ecumenical Temple.
  1788 | Temple   | Entered the Ecumenical Temple
  2144 | D:4      | Found an ancient bone altar of Kikubaaqudgha.
  2144 | D:4      | Found a shimmering altar of Xom.
  2251 | D:5      | Entered Level 5 of the Dungeon
  2286 | D:5      | Found a bloodstained altar of Trog.
  2303 | D:5      | Noticed a sky beast
  2306 | D:5      | Killed a sky beast
  2306 | D:5      | Reached skill level 6 in Short Blades
  2306 | D:5      | Reached XP level 6. HP: 39/39 MP: 6/6
  2377 | D:4      | Noticed a phantom
  2806 | D:5      | Found a burning altar of Makhleb.
  2954 | D:5      | Reached skill level 7 in Short Blades
  3133 | D:6      | Noticed a hippogriff
  3415 | D:6      | Gained mutation: You have very sharp teeth. [potion of beneficial mutation]
  3416 | D:6      | Gained mutation: You are surrounded by a mild repulsion field (EV +2). [potion of beneficial mutation]
  3467 | D:6      | Reached XP level 7. HP: 45/45 MP: 7/7
  3471 | D:6      | Found a shadowy altar of Dithmenos.
  3479 | D:6      | Became a worshipper of Dithmenos the Shadowed
  3495 | D:6      | Found a stormy altar of Qazlal.
  3700 | D:6      | Found Heseuq's Antique Armour Boutique.
  3723 | D:6      | Reached skill level 8 in Short Blades
  3779 | D:7      | Found a blossoming altar of Fedhas.
  3795 | D:7      | Noticed Joseph
  4016 | D:7      | Noticed Pikel
  4050 | D:7      | HP: 1/45 [orc priest/divine providence (7)]
  4050 | D:7      | Slain by a giant frog zombie

Inventory:

Hand Weapons
 a - a +2 dagger (weapon)
 b - a +0 blowgun
 j - a +2 antimagic dagger
 n - a +0 rapier
 t - a +0 rapier
Missiles
 c - 4 poisoned needles
 d - 2 curare-tipped needles
Armour
 u - a +0 buckler
Rods
 r - a +0 rod of ignition (14/14)
   (You found it on level 5 of the Dungeon)
Wands
 p - a wand of disintegration (9/24)
Scrolls
 h - a scroll of magic mapping {unknown}
Potions
 e - a potion of cancellation
 g - a potion of lignification {unknown}
 k - 2 potions of curing
 m - a potion of berserk rage {unknown}
 s - a potion of cure mutation {unknown}
Comestibles
 f - 5 bread rations
 i - 5 meat rations

Table legend:
 A = Turns spent in this place as a percentage of turns spent in the entire game.
 B = Non-inter-level travel turns spent in this place as a percentage of non-inter-level travel turns spent in the entire game.
 C = Inter-level travel turns spent in this place as a percentage of turns spent in this place.
 D = Turns resting spent in this place as a percentage of non-inter-level travel turns spent in this place.
 E = Turns spent auto-exploring this place as a percentage of non-inter-level travel turns spent in this place.
 F = Non-inter-level travel turns spent in this place divided by the number of levels of this place that you've seen.
                   A       B       C       D       E      F
               +-------+-------+-------+-------+-------+----------------------
         Total | 100.0 | 100.0 |   0.7 |   2.2 |  12.9 | 138.7
       Dungeon |  98.5 |  98.6 |   0.6 |   2.2 |  12.1 | 159.5
        Temple |   1.5 |   1.4 |   6.7 |   0.0 |  64.3 |  14.0
               +-------+-------+-------+-------+-------+----------------------


   Skills:
 - Level 2.0 Fighting
 + Level 8.0 Short Blades
 - Level 2.0 Throwing
 - Level 1.0 Dodging
 - Level 5.3 Stealth


You had 6 spell levels left.
You didn't know any spells.

Dungeon Overview and Level Annotations

Branches:
Dungeon (7/15)             Temple (1/1) D:4

Altars:
Ashenzari
Cheibriados
Dithmenos
Elyvilon
Fedhas
Gozag
Kikubaaqudgha
Makhleb
Nemelex Xobeh
Okawaru
Qazlal
Sif Muna
Trog
Vehumet
Xom
Yredelemnul
Zin
The Shining One
Jiyva

Shops:
D:4 :   D:6 [

Annotations:
D:7 Joseph, Pikel


Innate Abilities, Weirdness & Mutations

You cannot wear most types of armour.
You are amphibious.
You can wear up to eight rings at the same time.
You can use your tentacles to constrict eight enemies at once.
Your skin changes colour to match your surroundings (Stealth).
Your rubbery body absorbs attacks (AC +1).
You have very sharp teeth.
You are surrounded by a mild repulsion field (EV +2).


Message History

There is an open door here.
The slave hits you. The slave hits you!
Pikel cracks his whip.
An orc priest comes into view.
Found an escape hatch in the ceiling.
There is an open door here.
The orc priest shouts!
Found a stone staircase leading down.
The orc priest mumbles some strange prayers to Beogh against you.
Beogh smites you!
* * * LOW HITPOINT WARNING * * *
Pikel says, "Slavery isn't that bad."
There is an escape hatch in the ceiling here.
You can't go down here!
The orc priest calls down the wrath of Beogh upon you.
Beogh smites you!
* * * LOW HITPOINT WARNING * * *
The giant frog zombie hits you.
You die...

.........#........#+#....'......#
.........#...............#@.....#
.?.....p.#.......>#o.....#......#
.........#........#......#......#
.........p.....o..#......#......#
###+####'#..p.....#......#......#
...............#'######......#
...........pZ..#......#......+
..........K.p@.#......'......#
...............#......#......#
...............#......#.......
####+##........#......#.......
#........#......#.......
#........#......#.......
.'........#......#.......
##........#......#.......
#......#.......


You could see Pikel, 4 slaves, an orc priest and a giant frog zombie.

Table legend:
 A = Kills in this place as a percentage of kills in entire the game.
 B = Kills by you in this place as a percentage of kills by you in the entire game.
 C = Kills by friends in this place as a percentage of kills by friends in the entire game.
 D = Other kills in this place as a percentage of other kills in the entire game.
 E = Experience gained in this place as a percentage of experience gained in the entire game.
 F = Experience gained in this place divided by the number of levels of this place that you have seen.
                   A       B       C       D       E      F
               +-------+-------+-------+-------+-------+----------------------
         Total | 100.0 | 100.0 |  -nan |  -nan | 100.0 | 120.0
       Dungeon | 100.0 | 100.0 |  -nan |  -nan | 100.0 | 140.0
               +-------+-------+-------+-------+-------+----------------------

Vanquished Creatures
  A sky beast (D:5)
  A centaur (D:6)
  2 scorpions
  2 hounds (D:5)
  2 jellies (D:6)
  A centaur skeleton (D:4)
  A worker ant (D:4)
  A hound zombie (D:6)
  A worker ant zombie (D:5)
  A gnoll (D:1)
  3 adders
  2 shadow imps (D:5)
  An ooze (D:4)
  An adder skeleton (D:6)
  3 worms
  2 dart slugs
  2 giant geckos
  3 giant cockroaches
  3 goblins
  2 hobgoblins
  7 jackals
  3 kobolds (D:1)
  2 quokkas
  4 bats
  2 giant newts
  6 rats (D:1)
59 creatures vanquished.

Action                   |  1- 3 |  4- 6 |  7- 9 || total
-------------------------+-------+-------+-------++-------
Melee: Dagger            |    57 |    44 |    17 ||   118
       Constrict         |    13 |     8 |     2 ||    23
       Tentacles         |     6 |    10 |     4 ||    20
       Bite              |       |       |     3 ||     3
 Fire: Blowgun           |    13 |     7 |       ||    20
Evoke: Wand              |       |       |     1 ||     1
  Use: Scroll            |       |     7 |     1 ||     8
       Potion            |       |     2 |       ||     2
 Stab: Sleeping          |    16 |    11 |     3 ||    30
  Eat: Chunk             |     1 |     4 |     2 ||     7
       Pizza             |       |     1 |       ||     1
       Bread ration      |       |       |     1 ||     1
Armor: Skin              |     1 |     2 |       ||     3
Dodge: Dodged            |    17 |     8 |     9 ||    34

Vault maps used:
D:1:      lightli_arrival_chessboard
D:2:      nicolae_ru_the_path_less_chosen
D:4:      kennysheep_slug_shrine, grunt_temple_overflow_open,
          minmay_temple_entry_trees, first_bread, serial_shops,
          nicolae_shop_trees, st_stairs_14, okawaru_gym_becter
D:5:      makhleb_heckhound_becter, lemuel_doored_altar, fountainhead
D:6:      grunt_dithmenos_smoke_and_mirrors, grunt_qazlal_clouds, serial_shops,
          shop_fountains
D:7:      gammafunk_pakellas_cloud_experiment, nicolae_ossuary_entry_plus,
          lemuel_tele_altar, uniq_pikel, uniq_joseph
Temple:   pf_slime_end_temple
